cohdb
Replays
Latest Replays
All Replays
Popular Replays
Top Player Replays
Match Explorer
How It Works
Community
CoH3 Stats
Reddit
Sign in to upload your games and track your stats! →
Sign in with Steam
Match 42561121
Unlisted
Match 42561121
Overview
Messages
Build Orders
End
Kradschützen Motorcycle Team
Selects Panzerjäger Kommand Battlegroup
Selects Mine Fields
Panzergrenadier Squad
Panzergrenadier Squad
Construct Light Support Kompanie
Assault Grenadier Squad
Selects Tank Busters
Panzerjäger Squad
Assault Mechanized Group
Selects Defensive Positions
WadoVice
D3ck4rd
0
0
Comments
sign in to comment!
No comments posted yet!